 Dungeon Crawl Stone Soup version 0.29-a0-728-g6bb282b620 (webtiles) character file.

Game seed: 14416363939932422434

26 Ge0ff the Stinger (level 2, -3/16 HPs)
             Began as a Deep Elf Venom Mage on June 29, 2022.
             Slain by a gnoll
             ... wielding a +0 spear
              (6 damage)
             ... on level 1 of the Dungeon.
             The game lasted 00:02:56 (1130 turns).

Ge0ff the Stinger (Deep Elf Venom Mage)             Turns: 1130, Time: 00:02:57

Health: -3/16      AC:  2    Str:  5    XL:     2   Next: 89%
Magic:  6/8        EV: 12    Int: 19    God:
Gold:   13         SH:  0    Dex: 15    Spells: 4/7 levels left

rFire   . . .      SeeInvis .   a - +1 dagger (protect)
rCold   . . .      Faith    .   (no shield)
rNeg    . . .      Spirit   .   P - +0 robe
rPois   .          Reflect  .   (no helmet)
rElec   .          Harm     .   (no cloak)
rCorr   .          Rampage  .   (no gloves)
Will    .....                   (no boots)
Stlth   ++........              (no amulet)
HPRegen 0.05/turn               (no ring)
MPRegen 0.11/turn               (no ring)

@: no status effects
A: no striking features
a: no special abilities


You were on level 1 of the Dungeon.
You visited 1 branch of the dungeon, and saw 1 of its levels.

You collected 13 gold pieces.

Inventory:

Hand Weapons
 a - a +1 dagger of protection (weapon)
Missiles
 S - 14 stones
Armour
 P - a +0 robe (worn)
Scrolls
 L - a scroll of identify {unknown}
 Q - a scroll of teleportation {unknown}
 R - a scroll of fear {unknown}
Potions
 K - a potion of magic {!q}
 M - 2 potions of lignification {unknown}
 N - a potion of attraction {unknown}
 O - 2 potions of berserk rage {unknown}


   Skills:
 - Level 1.0 Fighting
 - Level 2.4 Dodging
 - Level 2.4 Stealth
 - Level 3.0 Spellcasting
 + Level 2.0 Transmutations
 + Level 1.0 Air Magic
 + Level 3.5 Poison Magic


You had 4 spell levels left.
You knew the following spells:

 Your Spells              Type           Power      Damage    Failure   Level
k - Sting                 Tmut/Pois      52%        1d5       4%          1
C - Poisonous Vapours     Pois/Air       22%        N/A       9%          2

Your spell library contained the following spells:

 Spells                   Type           Power      Damage    Failure   Level
 Blink                    Tloc           4%         N/A       22%         2
 Mephitic Cloud           Conj/Pois/Air  8%         N/A       24%         3
 Olgreb's Toxic Radiance  Pois           16%        N/A       34%         4
 Lesser Beckoning         Tloc           2%         N/A       41%         3
 Manifold Assault         Tloc           2%         N/A       99%         5


Dungeon Overview and Level Annotations

Branches:
Dungeon (1/15) Zot: 4870

Altars:

Annotations:
D:1 contaminator (21-26 poison)


Message History

The hobgoblin barely misses you.
You barely miss the hobgoblin.
The hobgoblin is severely wounded.
You kill the hobgoblin!
Your Air Magic skill increases to level 1!
Casting: Sting (safe; 4% risk of failure)
Confirm with . or Enter, or press ? or * to list all spells.
Aiming: Poisonous Vapours (safe; 9% risk of failure)
Press: ? - help, Dir - move target, f - goblin
Aim: a goblin, wielding a +0 club Poisonous vapours surround the goblin!
The goblin is poisoned.
Casting: Poisonous Vapours (safe; 9% risk of failure)
Confirm with . or Enter, or press ? or * to list all spells.
Aiming: Poisonous Vapours (safe; 9% risk of failure)
Press: ? - help, Dir - move target, f/p - goblin
Aim: a goblin, wielding a +0 club (moderately wounded, poisoned) Poisonous vapours surround the goblin!
The goblin looks even sicker.
The goblin barely misses you.
You hit the goblin.
You kill the goblin!
Things that are here:
a +0 club; a goblin corpse; a hobgoblin corpse
There is a dry fountain here.
There is a fountain of clear blue water here.
You see here a +2 dagger of venom.
A gnoll is nearby!
Casting: Poisonous Vapours (safe; 9% risk of failure)
Confirm with . or Enter, or press ? or * to list all spells.
Aiming: Poisonous Vapours (safe; 9% risk of failure)
Press: ? - help, Dir - move target, f - gnoll
Aim: a gnoll, wielding a +0 spear (wandering, hasn't noticed you) Poisonous vapours surround the gnoll!
The gnoll is poisoned.
The gnoll shouts!
The gnoll hits you from afar with a +0 spear.
The gnoll looks more healthy.
Casting: Poisonous Vapours (safe; 9% risk of failure)
Confirm with . or Enter, or press ? or * to list all spells.
Aiming: Poisonous Vapours (safe; 9% risk of failure)
Press: ? - help, Dir - move target, f/p - gnoll
Aim: a gnoll, wielding a +0 spear (heavily wounded)
You miscast Poisonous Vapours.
You are very lightly contaminated with residual magic.
Nothing appears to happen.
The gnoll hits you from afar with a +0 spear!
Ouch! That really hurt!
* * * LOW HITPOINT WARNING * * *
Your magical contamination has completely faded away.
There is a stone staircase leading down here.
The gnoll hits you from afar with a +0 spear.
You die...

### ##.## #####...## ###
#........##
#.#######.#.......###
....................######
.......................).#
...######.....g.@##.####.#
.......##.#.....###.# #.#
#.###..##.#.##.## #.# #.#
.......##.#.#### #.# #.#
.......##.#.# #.# #.#
.......##.#.# #.# ##.##
......###.#.#
#.###...###### ......#
#.#.# #.........†..#
......###.#.#
#####...####.#


You could see a gnoll.

Vanquished Creatures
  A dart slug (D:1)
  A bat (D:1)
  3 endoplasms (D:1)
  4 goblins (D:1)
  A hobgoblin (D:1)
  2 kobolds (D:1)
  2 quokkas (D:1)
  2 ball pythons (D:1)
  2 frilled lizards (D:1)
  5 rats (D:1)
23 creatures vanquished.

Vanquished Creatures (others)
  A plant (D:1)
1 creature vanquished.

Grand Total: 24 creatures vanquished

Notes
Turn   | Place    | Note
-------+----------+-------------------------------------------
     0 | D:1      | Ge0ff the Deep Elf Venom Mage began the quest for the Orb.
     0 | D:1      | Reached XP level 1. HP: 10/10 MP: 6/6
   132 | D:1      | Reached skill level 1 in Fighting
   160 | D:1      | Reached XP level 2. HP: 10/16 MP: 4/8
   163 | D:1      | Learned a level 2 spell: Poisonous Vapours
   806 | D:1      | Found a faded altar of an unknown god.
   818 | D:1      | Reached skill level 1 in Air Magic
  1130 | D:1      | Slain by a gnoll

Illustrated notes

Levels and vault maps discovered:
D:1:      minmay_arrival_glassed_features, layout_loops_ring,
          shapermc_ecumenical_altar_acropolis, serial_bayou_pond_d

Skill      XL: |  1  2 |
---------------+-------+-----
Fighting       | 1 |  1.0
Transmutations | 2 |  2.0
Air Magic      | 1 |  1.0
Dodging        | |  2.4
Stealth        | |  2.4
Spellcasting   | |  3.0
Poison Magic   | |  3.5

Action                   || total
-------------------------++-------
Melee: Dagger            ||     5
 Cast: Sting             ||    35
       Poisonous Vapours ||     9
Armor: Robe              ||     1
Dodge: Dodged            ||    10

Table legend: (Time is in decaauts)
 A = Elapsed time spent in this place.
 B = Non-inter-level travel time spent in this place.
 C = Inter-level travel time spent in this place.
 D = Time resting spent in this place.
 E = Time spent auto-exploring this place.
 F = Levels seen in this place.
 G = Mean time per level.
                   A        B        C        D        E       F      G
               +--------+--------+--------+--------+--------+-----+--------+
         Total |   1129 |   1129 |      0 |     89 |    828 |   1 | 1129.0 |
       Dungeon |   1129 |   1129 |      0 |     89 |    828 |   1 | 1129.0 |
               +--------+--------+--------+--------+--------+-----+--------+

Top non-repeatable levels by time:
     D:1: 1129 daAuts
